 Dungeon Crawl Stone Soup version 0.31.0-1-g2c135a008e (webtiles) character file.

Game seed: 3890875562191275652

114 qw the Shooter (level 5, 0/40 HPs)
             Began as a Djinni Hunter on Jan 23, 2024.
             Slain by a goblin
             ... wielding a +0 dagger
              (4 damage)
             ... on level 3 of the Dungeon.
             The game lasted 00:00:05 (1841 turns).

qw the Shooter (Djinni Hunter)                      Turns: 1841, Time: 00:00:06

Health: 0/40       AC:  4    Str:  7 (10) XL:     5   Next: 19%
Gold:   112        EV: 12    Int:  8 (10) God:
                   SH:  0    Dex: 18 (19)

rFire   + + .        a - +0 shortbow
rCold   x . .        (shield currently unavailable)
rNeg    . . .        c - +0 leather armour
rPois   inf          (no helmet)
rElec   .            i - +0 cloak
rCorr   +            (no gloves)
SInv    .            (boots unavailable)
Will    .....        (no amulet)
Stlth   ++           j - ring of resist corrosion
HPRegen 0.26/turn    (no ring)
MPRegen 0.00/turn

%: infuse magic (-1 HP)
@: flying
A: sickness immunity, fire resistance 2, cold vulnerability 1, float, innate
caster, HP casting, extra vitality 1
a: no special abilities


You were on level 3 of the Dungeon.
You visited 1 branch of the dungeon, and saw 3 of its levels.

You collected 112 gold pieces.


Innate Abilities, Weirdness & Mutations

You are immune to sickness and miasma.
You are immune to poison.
Your flesh is very heat resistant. (rF++)
You are vulnerable to cold. (rC-)
You float through the air rather than walking.
You learn spells naturally, not from books.
Your magical power is your life essence.
You have superior vitality. (+4 MHP)


   Skills:
 - Level 3.0 Fighting
 + Level 4.3 Ranged Weapons
 - Level 3.1 Dodging
 - Level 0.7 Stealth


You knew the following spells:

 Your Spells              Type           Power      Damage    Failure   Level
a - Kiss of Death         Conj/Necr      0%         2d5       54%         1
b - Lesser Beckoning      Tloc           0%         N/A       69%         2
Your spell library was empty.

Inventory:

Hand Weapons
 a - a +0 shortbow (weapon)
Armour
 c - a +0 leather armour (worn)
 i - a +0 cloak (worn)
Jewellery
 j - a ring of resist corrosion (left hand)
Potions
 d - 2 potions of curing
 h - a potion of lignification {unknown}

Dungeon Overview and Level Annotations

Branches:
Dungeon (3/15)

Altars:

Annotations:
D:3 Robin


Message History

The goblin hits you with a +0 dagger.
You shoot an arrow. The arrow closely misses the goblin.
You hear the slow rusting of a distant drain.
The goblin hits you but does no damage. The goblin closely misses you.
The goblin hits you with a +0 dagger.
You shoot an arrow. The arrow closely misses the goblin.
The goblin hits you with a +0 dagger. The goblin barely misses you. x2
You shoot an arrow. The arrow closely misses the goblin.
The goblin hits you but does no damage. x2
You shoot an arrow. The arrow hits the goblin!
You kill the goblin!
Robin throws the goblin at you! The goblin barely misses you.
The goblin misses you.
You shoot an arrow. The arrow barely misses the goblin.
The goblin hits you with a +0 club.
The goblin hits you with a +0 dagger. x2
The goblin closely misses you.
You shoot an arrow. The arrow hits the goblin!
You kill the goblin!
The goblin barely misses you.
You shoot an arrow. The arrow hits the goblin!
You kill the goblin!
Robin throws the goblin at you! The goblin closely misses you.
You shoot an arrow. The arrow barely misses the goblin.
The goblin hits you with a +0 dagger. The goblin barely misses you.
You shoot an arrow. The arrow closely misses the goblin.
The goblin hits you with a +0 dagger. The goblin barely misses you.
The goblin closely misses you. The goblin hits you with a +0 dagger.
You shoot an arrow. The arrow hits the goblin.
You kill the goblin!
The hobgoblin no longer looks unusually strong.
The goblin no longer looks unusually strong.
The goblin hits you with a +0 dagger.
You shoot an arrow. The arrow misses the goblin.
The arrow hits the goblin!
You kill the goblin!
The goblin hits you with a +0 dagger.
You shoot an arrow. The arrow closely misses the goblin.
The arrow hits the hobgoblin.
You kill the hobgoblin!
The goblin hits you with a +0 dagger.
You die...

........#.###..##.#
.########......##.#
#.........# #+
######.#### ... #.#
.... ### #.# >...g
##.###.#
....gg####...##.#
...gg)g@).....#.#
.....g####......#
..... ##.#...# ....
###...# ... ##.##
#+ #.# #.# ..# ###


You could see Robin, 3 hobgoblins and 3 goblins.

Vanquished Creatures
  2 adders (D:2)
  4 gnolls (D:2)
  3 dart slugs
  A ball python (D:1)
  3 endoplasms
  A giant cockroach (D:1)
  6 goblins (D:3)
  7 hobgoblins
  4 jackals (D:1)
  2 kobolds
  3 quokkas (D:2)
  7 bats
  2 frilled lizards (D:1)
  4 rats
49 creatures vanquished.

Notes
Turn   | Place    | Note
-------+----------+-------------------------------------------
     0 | D:1      | qw the Djinni Hunter began the quest for the Orb.
     0 | D:1      | Reached XP level 1. HP: 18/18 MP: 0/0
     0 | D:1      | 0 ||| qw: Version: 0.3-a-136-gdd3b4e8
     0 | D:1      | 0 ||| qw: Game counter: 1176
     0 | D:1      | 0 ||| qw: Melee chars always use a shield: true
     0 | D:1      | 0 ||| qw: God list: Okawaru
     0 | D:1      | 0 ||| qw: Allow faded altars: false
     0 | D:1      | 0 ||| qw: Do Orc after clearing Dungeon:15 true
     0 | D:1      | 0 ||| qw: Do second Lair branch before Depths: true
     0 | D:1      | 0 ||| qw: Lair rune preference: random
     0 | D:1      | 0 ||| qw: Goals: Normal
     0 | D:1      | 0 ||| PLANNING D:1-11
   100 | D:1      | Reached XP level 2. HP: 23/23 MP: 0/0
   134 | D:1      | Found a faded altar of an unknown god.
   256 | D:1      | Reached XP level 3. HP: 28/28 MP: 0/0
   256 | D:1      | Learned a level 1 spell: Kiss of Death
   310 | D:1      | Reached skill level 4 in Ranged Weapons
   729 | D:1      | 729 ||| UPGRADING to +0 cloak.
   734 | D:1      | 734 ||| DROPPING +6 ring of intelligence.
   735 | D:1      | 735 ||| READING scroll labelled UPASAO BARIONN.
   736 | D:1      | 736 ||| READING 3 scrolls labelled REYSIHON GUSAE.
   740 | D:1      | 740 ||| READING scroll labelled ORPHON XAAKKOV.
   741 | D:1      | 741 ||| READING scroll labelled ROCHEAMUER.
   842 | D:1      | 842 ||| DRINKING 3 murky orange potions.
   843 | D:1      | 843 ||| DROPPING scroll of butterflies.
   921 | D:2      | Reached skill level 3 in Fighting
   921 | D:2      | Reached XP level 4. HP: 10/35 MP: 0/0
   922 | D:2      | HP: 7/35 [gnoll/+0 halberd (4)]
   923 | D:2      | 923 ||| READING 2 scrolls of teleportation.
   923 | D:2      | HP: 1/35 [gnoll/+0 halberd (6)]
   967 | D:2      | HP: 6/35 [gnoll/+0 spear (7)]
   968 | D:2      | 968 ||| READING scroll of teleportation.
  1181 | D:2      | Reached skill level 3 in Dodging
  1355 | D:2      | Reached XP level 5. HP: 40/40 MP: 0/0
  1355 | D:2      | Learned a level 2 spell: Lesser Beckoning
  1768 | D:2      | 1768 ||| UPGRADING to ring of resist corrosion.
  1769 | D:2      | 1769 ||| READING scroll labelled DOUNWY GIOGEEL.
  1769 | D:2      | 1769 ||| IDENTIFYING coppery potion
  1770 | D:2      | 1770 ||| READING scroll labelled KIAZORU DERCH.
  1771 | D:2      | 1771 ||| DRINKING 2 murky silvery potions.
  1772 | D:2      | 1772 ||| DROPPING potion of degeneration.
  1773 | D:2      | 1773 ||| DROPPING potion of ambrosia.
  1783 | D:3      | 1783 ||| PLANNING SEWER
  1826 | D:3      | Noticed Robin
  1838 | D:3      | HP: 10/40 [goblin/+0 dagger (5)]
  1840 | D:3      | HP: 3/40 [goblin/+0 dagger (5)]
  1841 | D:3      | Slain by a goblin

Levels and vault maps discovered:
D:1:      psy_arrival_radial02, layout_basic,
          ebering_ecumenical_altar_sacrificial, roderic_roman_lattice
D:2:      layout_loops_cross, serial_forest, infiniplex_forest_clump_double,
          infiniplex_forest_clump_small, infiniplex_forest_clump_tiny,
          infiniplex_forest_clump_curved, infiniplex_forest_end_2,
          infiniplex_forest_end_3, infiniplex_forest_clump_curved,
          minmay_misc_feat_pillars, minmay_misc_feat_enclosed
D:3:      layout_loops_corners, portal_sewer_entry_d, nicolae_the_louvre,
          uniq_ijyb, uniq_robin

Skill      XL: |  1  2  3  4 |
---------------+-------------+-----
Ranged Weapons | 4 |  4.3
Fighting       | 3 |  3.0
Dodging        | 3 |  3.1
Stealth        | |  0.7

Action                     |  1- 3 |  4- 6 || total
---------------------------+-------+-------++-------
   Fire: Shortbow          |    71 |    72 ||   143
    Use: Scroll            |     4 |     4 ||     8
         Potion            |     1 |     1 ||     2
 Armour: Leather armour    |    24 |    31 ||    55
  Dodge: Dodged            |    26 |    36 ||    62

Table legend:
 A = Non-vault XP
 B = Vault XP
 C = Vault XP percentage of total XP
 D = Non-vault monster count
 E = Vault monster count
 F = Vault count percentage of total count
                 A         B        C        D         E       F
            +---------+---------+-------+---------+---------+-------
      Total |     152 |      14 |   8.4 |      42 |       7 |  14.3
            +---------+---------+-------+---------+---------+-------
        D:1 |      40 |       0 |   0.0 |      21 |       0 |   0.0
        D:2 |     107 |       0 |   0.0 |      19 |       0 |   0.0
        D:3 |       5 |      14 |  73.7 |       2 |       7 |  77.8
            +---------+---------+-------+---------+---------+-------
